AoeStats
← Horny

Arabia

508692649Analyzed
1v1 RM · 9d ago on Sep 23, 2026· 70m 24s· 2 players
Game mode
Random Map
Map size
Tiny (2 player)
Population
200
Speed
Normal
Resources
Standard
Victory
Conquest
Starting age
Dark Age
Ending age
Imperial Age
RankedLock teamsTeams togetherTeam positionsShared explorationLock speedFull tech treeHidden civsTurbo modeCheats
Victory
Defeat
🇸🇮 Britons · Slovenia
1138
+17
🇦🇷 Burgundians · Argentina
1154
-17
Horny
11:17 Feudal Age
11:07 Loom
14:11 Double-Bit Axe
19:34 Castle Age
19:42 Gold Mining
19:38 Horse Collar
20:40 Crossbowman
22:09 Fletching
23:58 Wheelbarrow
24:04 Padded Archer Armor
25:26 Bodkin Arrow
29:49 Pikeman
36:29 Ballistics
39:24 Forging
39:14 Scale Mail Armor
39:49 Squires
47:18 Imperial Age
45:04 Heavy Plow
46:23 Iron Casting
46:06 Leather Archer Armor
48:04 Halberdier
49:30 Bracer
51:05 Chain Mail Armor
51:44 Hand Cart
54:22 Blast Furnace
57:30 Plate Mail Armor
60:12 Elite Longbowman
65:14 Town Watch
matiiarctic
5:03 Double-Bit Axe
8:06 Wheelbarrow
7:18 Loom
9:23 Feudal Age
9:41 Horse Collar
15:25 Forging
16:14 Scale Barding Armor
17:29 Heavy Plow
18:22 Wheelbarrow
22:34 Castle Age
21:18 Bow Saw
21:05 Fletching
21:53 Gold Mining
22:40 Cavalier
25:04 Two-Man Saw
26:12 Chain Barding Armor
26:06 Husbandry
28:10 Iron Casting
38:40 Hand Cart
41:42 Town Watch
45:01 Imperial Age
43:34 Town Patrol
46:20 Plate Barding Armor
45:41 Paladin
47:09 Conscription
49:27 Blast Furnace
49:44 Onager
53:56 Burgundian Vineyards
54:24 Ballistics
55:04 Chemistry
56:39 Squires
59:44 Scale Mail Armor
60:54 Chain Mail Armor
60:24 Light Cavalry
61:26 Treadmill Crane
61:29 Hussar
65:56 Plate Mail Armor
Connection lost

Rejoining the realm…

Still unreachable

The connection could not be restored.

Session expired

The server has moved on; the page needs a fresh start.